 Dungeon Crawl Stone Soup version 0.27.0-1-g7a089689b8 (webtiles) character file.

Game seed: 17950396375176573899

56 night the Insei (level 3, -7/28 HPs)
             Began as a Demonspawn Gladiator on Aug 2, 2021.
             Killed by nerve-wracking pain
             ... invoked by an orc priest
              (12 damage)
             ... on level 3 of the Dungeon.
             The game lasted 00:05:04 (2899 turns).

night the Insei (Demonspawn Gladiator)              Turns: 2899, Time: 00:05:05

Health: -7/28      AC:  4    Str: 14    XL:     3   Next: 69%
Magic:  3/3        EV: 12    Int: 10    God:
Gold:   19         SH:  0    Dex: 14    Spells: 2/2 levels left

rFire    . . .     SeeInvis .     - Unarmed
rCold    . . .     Faith    .   (no shield)
rNeg     . . .     Spirit   .   a - +0 leather armour
rPois    .         Reflect  .   b - +0 helmet
rElec    .         Harm     .   (no cloak)
rCorr    .         Rampage  .   (no gloves)
Will     .....                  (no boots)
Stlth    +.........             (no amulet)
HPRegen  0.09/turn              (no ring)
MPRegen  0.08/turn              (no ring)

@: no status effects
A: talons 2
a: no special abilities


You were on level 3 of the Dungeon.
You visited 1 branch of the dungeon, and saw 3 of its levels.

You collected 52 gold pieces.
You spent 33 gold pieces at shops.

Inventory:

Hand Weapons
 d - a +0 hunting sling
Missiles
 c - 3 throwing nets (quivered)
 f - 24 poisoned darts
 g - 45 stones
 i - 42 bolts
 k - 22 arrows
Armour
 a - a +0 leather armour (worn)
 b - a +0 helmet (worn)
Jewellery
 e - an amulet of faith
Wands
 l - a wand of charming (9)
Scrolls
 h - a scroll of teleportation
Potions
 j - a potion of curing


   Skills:
 + Level 2.6 Fighting
 - Level 2.2 Throwing
 - Level 3.0 Dodging
 * Level 3.4 Unarmed Combat


You had 2 spell levels left.
You didn't know any spells.
Your spell library was empty.

Dungeon Overview and Level Annotations

Branches:
Dungeon (3/15)

Altars:

Shops:
D:3 !


Innate Abilities, Weirdness & Mutations

You have razor-sharp toenails.


Message History

Press: ? - help, Shift-Dir - straight line, f/p - orc
Aim: an orc, wielding a +0 mace and wearing a +0 scale mail (chance to affect: 63%)
The orc is charmed.
Your orc hits the orc priest but does no damage.
The orc priest hits you with a +0 club.
* * * LOW HITPOINT WARNING * * *
What are your orders? t - Shout!
Orders for allies: a - Attack new target. p - Attack previous target. r - Retreat! s - Stop attacking. g - Guard the area. f - Follow me.
Anything else - Cancel.
Gang up on whom?
Press: ? - help, Dir - move target, f - orc priest, p - orc
Aim: an orc priest, wielding a +0 club and wearing a +0 scale mail (heavily wounded, ally target) Attack!
Your orc hits the orc priest but does no damage.
The orc priest mumbles some strange prayers to Beogh against you.
You barely resist.
You hit the orc priest but do no damage.
You claw the orc priest, but do no damage.
The orc priest is heavily wounded.
Your orc completely misses the orc priest.
The orc priest hits you with a +0 club.
* * * LOW HITPOINT WARNING * * *
You hit the orc priest but do no damage.
You claw the orc priest, but do no damage.
The orc priest is heavily wounded.
Your orc barely misses the orc priest.
The orc priest closely misses you.
You hit the orc priest but do no damage.
You claw the orc priest.
The orc priest is severely wounded.
Your orc hits the orc priest but does no damage.
The orc priest hits your orc but does no damage.
You closely miss the orc priest. You claw the orc priest.
The orc priest is severely wounded.
Your orc barely misses the orc priest.
The orc priest calls down the wrath of Beogh upon you.
Pain shoots through your body!
You die...

..>..###...#*** #.#
####.....#** #.# #
###..#### #.# #
##.)..#### #.# #
##.##....## #.#
##..#####..# #.#
#..#######.####.#
#.#.....#.....#.#
#...........@o..# #
##............o..# #
#................# #
#................# #
#................#
####................#
##..................#
...................##
#...........#......######


You could see an orc priest (ally target) and a friendly orc (charmed).

Vanquished Creatures
  A worm (D:2)
  An orc (D:3)
  A ball python (D:2)
  3 endoplasms
  A giant cockroach (D:2)
  7 goblins
  5 hobgoblins
  10 jackals
  3 quokkas
  4 bats
  3 frilled lizards
  2 kobolds
  4 rats
45 creatures vanquished.

Notes
Turn   | Place    | Note
-------+----------+-------------------------------------------
     0 | D:1      | night the Demonspawn Gladiator began the quest for the Orb.
     0 | D:1      | Reached XP level 1. HP: 16/16 MP: 1/1
   237 | D:1      | Found a faded altar of an unknown god.
   595 | D:1      | Reached skill level 2 in Throwing
   626 | D:1      | Gained mutation: You have sharp toenails. [demonic
                  | ancestry]
   626 | D:1      | Reached XP level 2. HP: 22/22 MP: 2/2
  1721 | D:2      | Gained mutation: You have razor-sharp toenails. [demonic
                  | ancestry]
  1721 | D:2      | Reached XP level 3. HP: 23/28 MP: 3/3
  2690 | D:3      | Found Coexoto's Distillery.
  2706 | D:3      | Bought a potion of curing for 33 gold pieces
  2892 | D:3      | HP: 4/28 [orc priest (5)]
  2899 | D:3      | Killed from afar by an orc priest

Illustrated notes

Levels and vault maps discovered:
D:1:      eino_arrival_druids_welcome, layout_basic,
          hellmonk_ecumenical_altar_blasted, chequers_decorated_corner,
          roderic_roman_lattice
D:2:      layout_rooms, st_stairs_14
D:3:      layout_rooms, serial_shops, shop

Skill      XL: |  1  2 |
---------------+-------+-----
Throwing       | 2 |  2.2
Unarmed Combat | 3 |  3.4
Dodging        | 3 |  3.0
Fighting       | |  2.6

Action                   || total
-------------------------++-------
Melee: Unarmed           ||   176
       Punch             ||     3
       Kick              ||    29
Evoke: Wand              ||     2
  Use: Scroll            ||     7
       Potion            ||     1
 Stab: Sleeping          ||     2
Armor: Leather armour    ||    56
Dodge: Dodged            ||   111
